 Dungeon Crawl Stone Soup version 0.30.1 (webtiles) character file.

Game seed: 4586309135496827229

105 monsoonserge the Cudgeller (level 4, -1/37 HPs)
             Began as a Draconian Warper on July 3, 2023.
             Slain by Natasha (7 damage)
             ... on level 2 of the Dungeon.
             The game lasted 00:04:20 (1054 turns).

monsoonserge the Cudgeller (Draconian Warper)       Turns: 1054, Time: 00:04:21

Health: -1/37      AC:  5    Str: 14    XL:     4   Next: 54%
Magic:  7/7        EV: 12    Int: 15    God:
Gold:   31         SH:  0    Dex: 10    Spells: 5/7 levels left

rFire   . . .        a - +0 mace
rCold   . . .        (no shield)
rNeg    . . .        (body armour unavailable)
rPois   .            (helmet restricted)
rElec   .            (no cloak)
rCorr   .            (no gloves)
SInv    .            (no boots)
Will    .....        (no amulet)
Stlth   +            (no ring)
HPRegen 0.26/turn    (no ring)
MPRegen 0.10/turn

%: no passive effects
@: no status effects
A: AC +5, unfitting armour, cold-blooded
a: no special abilities


You were on level 2 of the Dungeon.
You visited 1 branch of the dungeon, and saw 2 of its levels.

You collected 31 gold pieces.

Inventory:

Hand Weapons
 a - a +0 mace (weapon)
Missiles
 c - 7 boomerangs of dispersal (quivered)
Scrolls
 b - a scroll of blinking
 d - a scroll of magic mapping {unknown}
 e - 3 scrolls of fog {unknown}
 f - a scroll of amnesia {unknown}
 g - a scroll of butterflies {unknown}
 i - a scroll of immolation {unknown}
 j - 2 scrolls of identify {unknown}
Potions
 h - a potion of mutation {unknown}


   Skills:
 + Level 2.4 Fighting
 + Level 3.5 Maces & Flails
 + Level 0.8 Throwing
 + Level 3.1 Dodging
 + Level 0.1 Stealth
 - Level 2.0 Spellcasting
 + Level 3.3 Translocations


You had 5 spell levels left.
You knew the following spells:

 Your Spells              Type           Power      Damage    Failure   Level
a - Blink                 Tloc           22%        N/A       9%          2

Your spell library contained the following spells:

 Spells                   Type           Power      Damage    Failure   Level
 Apportation              Tloc           22%        N/A       5%          1
 Lesser Beckoning         Tloc           22%        N/A       9%          2
 Teleport Other           Tloc           11%        N/A       17%         3
 Necrotise                Necr           4%         1d4       22%         1
 Summon Small Mammal      Summ           4%         N/A       22%         1
 Vhi's Electric Charge    Tloc/Air       12%        N/A       32%         3
 Manifold Assault         Tloc           11%        N/A       50%         4


Dungeon Overview and Level Annotations

Branches:
Dungeon (2/15)

Altars:

Annotations:
D:2 Natasha


Innate Abilities, Weirdness & Mutations

Your plain brown scales are hard. (AC +5)
You cannot fit into any form of body armour.
You are cold-blooded and may be slowed by cold attacks.


Message History

Natasha stares at you and mumbles some strange words.
The magic dart hits you. The cerulean imp closely misses you.
Natasha claws you!
The cerulean imp hits you from afar with a +1 spear.
You closely miss Natasha.
Natasha is heavily wounded.
Natasha closely misses you. The cerulean imp barely misses you.
Natasha barely misses you.
You hit Natasha.
Natasha is almost dead.
The cerulean imp closely misses you.
Natasha stares at you and mumbles some strange words.
The magic dart hits you. The cerulean imp completely misses you.
You barely miss Natasha. You punch Natasha.
You kill Natasha!
Natasha growls in agony!
The cerulean imp disappears in a puff of smoke!
You feel yourself speed up.
Natasha, Servant of Life and Death comes into view.
Natasha hisses angrily.
Natasha drinks a potion.
Natasha seems to speed up.
Natasha mewls in sadness.
Natasha claws you.
You closely miss Natasha.
You tail-slap Natasha, but do no damage.
Natasha mewls in sadness.
Natasha claws you but does no damage. Natasha completely misses you.
You miss Natasha.
Natasha stares at you and mumbles some strange words.
The magic dart hits you.
You miss Natasha. Natasha casts a spell at you. The magic dart hits you.
* * * LOW HITPOINT WARNING * * *
Natasha closely misses you.
You closely miss Natasha. Natasha claws you.
* * * LOW HITPOINT WARNING * * *
Natasha growls.
Natasha claws you!
You die...

#..............#
#).............# ######
#..............## #..).####
#...............# #...h...
#................ #.....# #
##......)........ #...h#####
#.## ##..........#...
#........###...########..####...
#....###..# #.@.# ##...# #...
###### ##h## ###h####..#.# #...
#.5### #...#..##.# #### ##...#
###...##..# # ###.#####.####.##
#...†...## #.# #####
##....#..###.# #....
#.##.##..##.# #..###
#.##..##....##.


You could see Natasha (fast).

Vanquished Creatures
  Terence (D:2)
  Natasha (D:2)
  2 adders (D:2)
  A dart slug (D:1)
  A bat (D:1)
  2 endoplasms (D:1)
  2 giant cockroaches (D:2)
  3 goblins (D:1)
  7 hobgoblins
  2 quokkas (D:1)
  4 ball pythons
  5 frilled lizards
  A kobold (D:1)
  5 rats (D:1)
37 creatures vanquished.

Notes
Turn   | Place    | Note
-------+----------+-------------------------------------------
     0 | D:1      | monsoonserge the Draconian Warper began the quest for the
                  | Orb.
     0 | D:1      | Reached XP level 1. HP: 17/17 MP: 3/3
   106 | D:1      | Reached XP level 2. HP: 12/24 MP: 5/5
   109 | D:1      | Learned a level 2 spell: Blink
   522 | D:1      | Reached XP level 3. HP: 29/29 MP: 6/6
   734 | D:2      | Noticed Terence
   790 | D:2      | Killed Terence
   791 | D:2      | Reached XP level 4. HP: 5/37 MP: 4/7
   983 | D:2      | Noticed Natasha
  1033 | D:2      | Killed Natasha
  1044 | D:2      | Noticed Natasha
  1054 | D:2      | Slain by Natasha

Illustrated notes

Levels and vault maps discovered:
D:1:      lightli_arrival_lavapool, layout_basic, moated_statue
D:2:      layout_rooms, basic_altar, uniq_terence, uniq_natasha

Skill      XL: |  1  2  3 |
---------------+----------+-----
Maces & Flails | 3 |  3.5
Dodging        | 3 |  3.1
Fighting       | |  2.4
Throwing       | |  0.8
Stealth        | |  0.1
Spellcasting   | |  2.0
Translocations | |  3.3

Action                     |  1- 3 |  4- 6 || total
---------------------------+-------+-------++-------
  Melee: Mace              |   141 |    18 ||   159
         Tailslap          |    15 |     3 ||    18
         Punch             |       |     1 ||     1
   Cast: Blink             |     2 |       ||     2
    Use: Potion            |     2 |       ||     2
 Armour: Skin              |    50 |     9 ||    59
  Dodge: Dodged            |   113 |    23 ||   136
